 Dungeon Crawl Stone Soup version 0.30.0-15-g856e2d3f33 (webtiles) character file.

Game seed: 9052570398323480105

1837 qw the Cleaver (level 9, -2/55 HPs)
             Began as a Gargoyle Cinder Acolyte on May 18, 2023.
             Was a Follower of Ignis.
             Slain by Maggie
             ... wielding the +9 lance "Wyrmbane" {slay drac, rPois rF+ rC+ AC+3}
              (8 damage)
             ... on level 7 of the Dungeon.
             The game lasted 00:02:38 (5062 turns).

qw the Cleaver (Gargoyle Cinder Acolyte)            Turns: 5062, Time: 00:02:39

Health: -2/55      AC: 28    Str: 22    XL:     9   Next: 11%
Magic:  10/10      EV:  8    Int: 15    God:    Ignis [*.....]
Gold:   113        SH:  0    Dex:  5    Spells: 10/10 levels left

rFire   + . .        j - +0 war axe (flame)
rCold   . . .        (no shield)
rNeg    + + .        g - +0 chain mail
rPois   inf          f - +0 helmet
rElec   +            i - +0 cloak
rCorr   .            (no gloves)
SInv    +            o - +2 pair of boots {rampage}
Will    .....        (no amulet) Stlth
                     k - ring of see invisible
HPRegen 0.29/turn    l - ring of positive energy
MPRegen 0.12/turn

%: rampage
@: fiery-armoured
A: sickness immunity, AC +6, negative energy resistance 1, electricity
resistance, torment resistance 1, petrification resistance
a: Renounce Religion, Fiery Armour, Foxfire Swarm, Rising Flame


You were on level 7 of the Dungeon.
You worshipped Ignis.
Ignis was aware of your devotion.
You visited 1 branch of the dungeon, and saw 7 of its levels.

You collected 287 gold pieces.
You spent 174 gold pieces at shops.


Innate Abilities, Weirdness & Mutations

You are immune to sickness and miasma.
Your stone body is resilient. (AC +6)
You are immune to poison.
You resist negative energy. (rN+)
You are resistant to electric shocks. (rElec)
You are resistant to unholy torment.
You are immune to petrification.


   Skills:
 - Level 6.1 Fighting
 + Level 8.9 Axes
 - Level 2.7 Throwing
 - Level 4.1 Armour
 - Level 1.0 Spellcasting
 - Level 3.0 Fire Magic


You had 10 spell levels left.
You didn't know any spells.
Your spell library contained the following spells:

 Spells                   Type           Power      Damage    Failure   Level
 Scorch                   Fire           18%        2d6       56%         2

Inventory:

Hand Weapons
 j - a +0 war axe of flaming (weapon)
Missiles
 n - 6 boomerangs (quivered)
Armour
 f - a +0 helmet (worn)
 g - a +0 chain mail (worn)
 i - a +0 cloak (worn)
 o - a +2 pair of boots of rampaging (worn)
Jewellery
 k - a ring of see invisible (left hand)
 l - a ring of positive energy (right hand)
Scrolls
 m - 3 scrolls of identify
Potions
 a - 2 potions of mutation
 b - 2 potions of curing
 p - a potion of resistance {unknown}

Dungeon Overview and Level Annotations

Branches:
Dungeon (7/15)             Temple (0/1) D:5

Altars:
Cheibriados
Elyvilon
Kikubaaqudgha
Ru
Zin

Shops:
D:2 !   D:6 [*

Annotations:
D:7 Maggie


Message History

Maggie hits you but does no damage.
Maggie casts a spell.
Maggie attempts to bespell you!
You are mesmerised by Maggie!
Maggie hits you but does no damage.
Maggie gives herself a magical halo, but it quickly sputters out.
Maggie hits you but does no damage.
Your transformation is almost over.
Maggie hits you from afar with the +9 lance "Wyrmbane" {slay drac, rPois rF+ rC+ AC+3}.
Maggie hits you from afar with the +9 lance "Wyrmbane" {slay drac, rPois rF+ rC+ AC+3}!
Maggie casts a spell at you.
The bolt of fire hits you but does no damage.
Maggie hits you but does no damage. Maggie hits you but does no damage.
Maggie mumbles some strange words.
Maggie draws you further into her thrall.
Maggie hits you but does no damage.
Maggie hits you from afar with the +9 lance "Wyrmbane" {slay drac, rPois rF+ rC+ AC+3}!
Maggie hits you but does no damage.
You feel less wooden.
Your +0 cloak unmelds from your body.
Your +0 helmet unmelds from your body.
Your +2 pair of boots of rampaging unmelds from your body.
Your +0 chain mail unmelds from your body.
You feel ready to rampage towards enemies.
Maggie hits you but does no damage.
You rampage towards Maggie!
Found a stone staircase leading down.
You hit Maggie.
Maggie is heavily wounded.
Maggie hits you but does no damage.
Maggie completely resists.
You hit Maggie.
Maggie is heavily wounded.
Maggie hits you but does no damage.
Maggie resists.
Maggie is burned by your cloak of flames.
Maggie is heavily wounded.
A scorpion comes into view.
You slash Maggie! You burn Maggie.
Maggie is severely wounded.
You break out of your daze.
Maggie hits you with the +9 lance "Wyrmbane" {slay drac, rPois rF+ rC+ AC+3}!
You die...

##...........#
>#.........s...
......)......#
.............## .
...#......#.##
...#............
......@......#
...##$@)./..## #
...(..........#..#
............$...#
............#..##
............#####
.............#..###
...........#......## .
.#.....#.#.#####...#....
#.....#####............


You could see Maggie and a scorpion.

Vanquished Creatures
  A troll (D:7)
  A sky beast (D:6)
  3 ice beasts (D:6)
  2 ogres
  3 phantoms
  2 scorpions
  2 jellies
  An orc priest (D:7)
  2 gnoll boudas
  2 hounds
  3 iguanas
  A sleepcap (D:5)
  4 orc wizards
  Robin (D:4)
  6 adders
  13 gnolls
  A shadow imp (D:5)
  An ufetubus (D:5)
  2 worms (D:2)
  2 dart slugs
  17 orcs
  7 ball pythons
  4 endoplasms
  A giant cockroach (D:3)
  13 goblins
  7 hobgoblins
  10 jackals
  7 kobolds
  4 quokkas
  10 bats
  A frilled lizard (D:3)
  5 rats
139 creatures vanquished.

Notes
Turn   | Place    | Note
-------+----------+-------------------------------------------
     0 | D:1      | qw the Gargoyle Cinder Acolyte began the quest for the Orb.
     0 | D:1      | Reached XP level 1. HP: 14/14 MP: 2/2
     0 | D:1      | 0 ||| qw: Version: 0.2-a-95-gc95f03d
     0 | D:1      | 0 ||| qw: Game counter: 58
     0 | D:1      | 0 ||| qw: Always use a shield: true
     0 | D:1      | 0 ||| qw: God list: Okawaru
     0 | D:1      | 0 ||| qw: Allow faded altars: false
     0 | D:1      | 0 ||| qw: Do Orc after D:15 true
     0 | D:1      | 0 ||| qw: Do second Lair branch before Depths: true
     0 | D:1      | 0 ||| qw: Lair rune preference: random
     0 | D:1      | 0 ||| qw: Plans: Normal
     0 | D:1      | 0 ||| PLANNING D:1-11
    30 | D:1      | 30 ||| INVOKING Fiery Armour.
    35 | D:1      | Reached skill level 3 in Axes
    37 | D:1      | Reached XP level 2. HP: 19/19 MP: 3/3
   198 | D:1      | 198 ||| Stepping ~*~*~tactically~*~*~ (hiding).
   493 | D:1      | Reached XP level 3. HP: 18/23 MP: 4/4
   703 | D:1      | 703 ||| UPGRADING to +0 chain mail.
   713 | D:1      | 713 ||| DROPPING +0 robe.
   714 | D:1      | 714 ||| READING scroll labelled FIUCRE AWEH.
   715 | D:1      | 715 ||| READING scroll labelled TAKUEC LIYR.
   756 | D:2      | 756 ||| Stepping ~*~*~tactically~*~*~ (stealth).
   768 | D:2      | Reached skill level 1 in Armour
   959 | D:2      | 959 ||| INVOKING Fiery Armour.
   961 | D:2      | Reached skill level 4 in Axes
   964 | D:2      | Reached XP level 4. HP: 22/28 MP: 5/5
  1176 | D:2      | 1176 ||| Stepping ~*~*~tactically~*~*~ (stealth).
  1235 | D:2      | Found Zaefown's Distillery.
  1247 | D:2      | 1247 ||| BUYING potion of curing (39 gold).
  1247 | D:2      | Bought a potion of curing for 39 gold pieces
  1257 | D:2      | 1257 ||| UPGRADING to +0 cloak.
  1262 | D:2      | 1262 ||| READING 2 scrolls labelled GOIMIO LUTAMICW.
  1263 | D:2      | 1263 ||| READING scroll labelled LOMEBBEACS.
  1264 | D:2      | 1264 ||| DRINKING 2 puce potions.
  1265 | D:2      | 1265 ||| DROPPING scroll of fear.
  1289 | D:3      | 1289 ||| STAIRDANCE
  1301 | D:2      | 1301 ||| INVOKING Fiery Armour.
  1430 | D:3      | 1430 ||| Stepping ~*~*~tactically~*~*~ (stealth).
  1431 | D:3      | 1431 ||| Stepping ~*~*~tactically~*~*~ (stealth).
  1447 | D:3      | 1447 ||| Stepping ~*~*~tactically~*~*~ (stealth).
  1452 | D:3      | 1452 ||| INVOKING Fiery Armour.
  1466 | D:3      | Reached XP level 5. HP: 24/32 MP: 6/6
  1525 | D:3      | Found a white marble altar of Elyvilon.
  1526 | D:3      | 1526 ||| SWAPPING to +0 war axe.
  1534 | D:3      | 1534 ||| Stepping ~*~*~tactically~*~*~ (stealth).
  1544 | D:3      | Reached skill level 5 in Axes
  1638 | D:3      | 1638 ||| Stepping ~*~*~tactically~*~*~ (hiding).
  1750 | D:3      | 1750 ||| Stepping ~*~*~tactically~*~*~ (hiding).
  1787 | D:3      | 1787 ||| INVOKING Fiery Armour.
  1916 | D:3      | Found a glowing silver altar of Zin.
  2130 | D:3      | 2130 ||| UPGRADING to ring of see invisible.
  2131 | D:3      | 2131 ||| READING scroll labelled ULOPSE JOURIO.
  2132 | D:3      | 2132 ||| READING 2 scrolls of identify.
  2132 | D:3      | 2132 ||| IDENTIFYING sedimented black potion
  2225 | D:4      | Identified the +6 flail of Vizennib {elec, rElec Will-
                  | Str+8 Int-2}
  2241 | D:4      | Noticed a phantom
  2256 | D:4      | Killed a phantom
  2257 | D:4      | Reached XP level 6. HP: 34/38 MP: 7/7
  2325 | D:4      | 2325 ||| Stepping ~*~*~tactically~*~*~ (hiding).
  2326 | D:4      | 2326 ||| Stepping ~*~*~tactically~*~*~ (hiding).
  2336 | D:4      | 2336 ||| Stepping ~*~*~tactically~*~*~ (stealth).
  2362 | D:4      | Noticed Robin
  2363 | D:4      | 2363 ||| Stepping ~*~*~tactically~*~*~ (hiding).
  2367 | D:4      | 2367 ||| INVOKING Fiery Armour.
  2378 | D:4      | Killed Robin
  2427 | D:4      | 2427 ||| Stepping ~*~*~tactically~*~*~ (stealth).
  2444 | D:4      | Reached skill level 6 in Axes
  2595 | D:4      | 2595 ||| Stepping ~*~*~tactically~*~*~ (stealth).
  2598 | D:4      | 2598 ||| Stepping ~*~*~tactically~*~*~ (stealth).
  2663 | D:4      | 2663 ||| UPGRADING to +0 helmet.
  2668 | D:4      | 2668 ||| READING scroll labelled TEUN JUORAWEOHO.
  2678 | D:5      | Entered Level 5 of the Dungeon
  2705 | D:5      | 2705 ||| Stepping ~*~*~tactically~*~*~ (stealth).
  2755 | D:5      | 2755 ||| SWAPPING to +0 war axe of flaming.
  2756 | D:5      | 2756 ||| DROPPING -1 hand axe of flaming.
  2757 | D:5      | 2757 ||| DROPPING +0 war axe.
  2794 | D:5      | Reached skill level 3 in Armour
  2794 | D:5      | Reached XP level 7. HP: 41/43 MP: 8/8
  2829 | D:5      | 2829 ||| INVOKING Fiery Armour.
  2833 | D:5      | 2833 ||| DRINKING 3 potions of curing.
  2833 | D:5      | 2833 ||| (to cure confusion)
  2899 | D:5      | Found a staircase to the Ecumenical Temple.
  3019 | D:5      | 3019 ||| Stepping ~*~*~tactically~*~*~ (hiding).
  3020 | D:5      | 3020 ||| Stepping ~*~*~tactically~*~*~ (hiding).
  3021 | D:5      | 3021 ||| Stepping ~*~*~tactically~*~*~ (hiding).
  3032 | D:5      | 3032 ||| INVOKING Fiery Armour.
  3044 | D:5      | Reached skill level 7 in Axes
  3187 | D:5      | Identified the +5 short sword of the Devouring Gods {venom,
                  | Int+7}
  3689 | D:5      | 3689 ||| UPGRADING to ring of positive energy.
  3690 | D:5      | 3690 ||| READING 4 scrolls of identify.
  3690 | D:5      | 3690 ||| IDENTIFYING clear potion
  3691 | D:5      | 3691 ||| READING 3 scrolls of identify.
  3691 | D:5      | 3691 ||| IDENTIFYING ruby potion
  3692 | D:5      | 3692 ||| READING 2 scrolls of identify.
  3692 | D:5      | 3692 ||| IDENTIFYING sedimented inky potion
  3693 | D:5      | 3693 ||| DROPPING potion of brilliance.
  3694 | D:5      | 3694 ||| DROPPING potion of berserk rage.
  3752 | D:6      | 3752 ||| Stepping ~*~*~tactically~*~*~ (hiding).
  3753 | D:6      | 3753 ||| Stepping ~*~*~tactically~*~*~ (hiding).
  3760 | D:6      | 3760 ||| Stepping ~*~*~tactically~*~*~ (stealth).
  3762 | D:6      | 3762 ||| Stepping ~*~*~tactically~*~*~ (stealth).
  3776 | D:6      | 3776 ||| INVOKING Fiery Armour.
  3916 | D:6      | Reached XP level 8. HP: 46/49 MP: 9/9
  3928 | D:6      | Found an ancient bone altar of Kikubaaqudgha.
  3943 | D:6      | Reached skill level 1 in Throwing
  4142 | D:6      | Found Dawaj's Antique Armour Shop.
  4151 | D:6      | 4151 ||| BUYING pair of embroidered boots (135 gold).
  4151 | D:6      | Bought a pair of embroidered boots for 135 gold pieces
  4151 | D:6      | 4151 ||| SHOPLISTING pair of gloves (81 gold, have 38).
  4151 | D:6      | 4151 ||| SHOPLISTING shiny orb (216 gold, have 38).
  4151 | D:6      | 4151 ||| SHOPLISTING twisted cloak (171 gold, have 38).
  4222 | D:6      | Reached skill level 8 in Axes
  4372 | D:6      | Found Effeegh's Elemental Accessories.
  4468 | D:6      | Found a sacrificial altar of Ru.
  4470 | D:6      | 4470 ||| Stepping ~*~*~tactically~*~*~ (hiding).
  4752 | D:6      | 4752 ||| UPGRADING to +2 pair of boots of rampaging.
  4757 | D:6      | 4757 ||| DROPPING scarf of invisibility.
  4758 | D:6      | 4758 ||| READING 4 scrolls of identify.
  4758 | D:6      | 4758 ||| IDENTIFYING bubbling clear potion
  4759 | D:6      | 4759 ||| DROPPING potion of lignification.
  4821 | D:7      | Found a snail-covered altar of Cheibriados.
  4895 | D:7      | Noticed Maggie
  4896 | D:7      | 4896 ||| Stepping ~*~*~tactically~*~*~ (hiding).
  4900 | D:7      | 4900 ||| Stepping ~*~*~tactically~*~*~ (stealth).
  4901 | D:7      | 4901 ||| Stepping ~*~*~tactically~*~*~ (stealth).
  4904 | D:7      | 4904 ||| Stepping ~*~*~tactically~*~*~ (hiding).
  4905 | D:7      | Noticed a troll
  4913 | D:7      | HP: 12/51 [troll (4)]
  4914 | D:7      | 4914 ||| READING scroll of teleportation.
  4915 | D:7      | 4915 ||| DRINKING 2 potions of heal wounds.
  4916 | D:7      | 4916 ||| INVOKING Fiery Armour.
  5014 | D:7      | 5014 ||| DRINKING potion of cancellation.
  5019 | D:7      | Reached skill level 6 in Fighting
  5024 | D:7      | 5024 ||| INVOKING Fiery Armour.
  5028 | D:7      | Killed a troll
  5029 | D:7      | Reached XP level 9. HP: 37/55 MP: 10/10
  5036 | D:7      | HP: 15/82 [Maggie/bolt of fire (11)]
  5037 | D:7      | 5037 ||| DRINKING potion of heal wounds.
  5051 | D:7      | HP: 15/82 [Maggie/the +9 lance "Wyrmbane" {slay drac, rPois
                  | rF+ rC+ AC+3} (12)]
  5057 | D:7      | HP: 7/82 [Maggie/the +9 lance "Wyrmbane" {slay drac, rPois
                  | rF+ rC+ AC+3} (10)]
  5062 | D:7      | Slain by Maggie

Levels and vault maps discovered:
D:1:      amcnicky_arrival_single_pillar, layout_basic, minmay_curled_crystal,
          nicolae_grassy_gnolls
D:2:      layout_basic, serial_shops, shop
D:3:      layout_rooms, mainiacjoe_overflow_six_doors_small,
          mainiacjoe_overflow_small_starburst, kennysheep_generic_room_3
D:4:      layout_cave_pools, st_stairs_13, uniq_robin
D:5:      layout_basic, minmay_temple_entry_mist, minmay_misc_feat_more_columns
D:6:      layout_loops_cross, nicolae_kikubaaqudgha_miasma_corner,
          nicolae_ru_great_annihilating_truth, serial_shops, shop,
          columned_hall_lemuel, nicolae_elemental_shop, uniq_crazy_yiuf_cottage
D:7:      layout_cave_pools, chei_slow_surprise, kennysheep_mini, uniq_maggie

Skill      XL: |  1  2  3  4  5  6  7  8 |
---------------+-------------------------+-----
Axes           | 3 4 5 6 7 8 |  8.9
Armour         | 1 2 3 4 |  4.1
Fighting       | 4 5 6 |  6.1
Throwing       | 2 |  2.7
Spellcasting   | |  1.0
Fire Magic     | |  3.0

Action                     |  1- 3 |  4- 6 |  7- 9 || total
---------------------------+-------+-------+-------++-------
  Melee: Hand axe          |    70 |    64 |       ||   134
         War axe           |       |   108 |   166 ||   274
         Punch             |       |       |     2 ||     2
  Throw: Boomerang         |    18 |    26 |     9 ||    53
         Javelin           |       |       |    15 ||    15
 Invoke: Fiery Armour      |     2 |     4 |     5 ||    11
    Use: Scroll            |     2 |     5 |     5 ||    12
         Potion            |       |     1 |     4 ||     5
 Armour: Robe              |    23 |       |       ||    23
         Chain mail        |    17 |   127 |   131 ||   275
         Skin              |       |       |    24 ||    24
  Dodge: Dodged            |    32 |    73 |    78 ||   183

Table legend:
 A = Non-vault XP
 B = Vault XP
 C = Vault XP percentage of total XP
 D = Non-vault monster count
 E = Vault monster count
 F = Vault count percentage of total count
                 A         B        C        D         E       F
            +---------+---------+-------+---------+---------+-------
      Total |    2530 |      95 |   3.6 |     120 |      19 |  13.7
            +---------+---------+-------+---------+---------+-------
        D:1 |      29 |      14 |  32.6 |      15 |       1 |   6.2
        D:2 |      75 |       0 |   0.0 |      20 |       0 |   0.0
        D:3 |     172 |       0 |   0.0 |      29 |       0 |   0.0
        D:4 |     229 |      40 |  14.9 |      11 |      14 |  56.0
        D:5 |     497 |       0 |   0.0 |      24 |       0 |   0.0
        D:6 |     994 |      41 |   4.0 |      14 |       4 |  22.2
        D:7 |     534 |       0 |   0.0 |       7 |       0 |   0.0
            +---------+---------+-------+---------+---------+-------
